 Dungeon Sprint DCSS version 0.32-a0-433-g08bcfe7efd (webtiles) character file.

Game seed: 10089638803558173429

1522 rocky1 the Imperceptible (level 8, -2/85 HPs)
             Began as an Octopode Brigand on Feb 23, 2024.
             Was an Initiate of Gozag.
             Slain by a centaur warrior (11 damage)
             ... in the Dungeon (Sprint I: "Red Sonja").
             The game lasted 00:02:05 (275 turns).

rocky1 the Imperceptible (Octopode Brigand)          Turns: 275, Time: 00:02:06

Health: -2/85      AC:  3    Str: 13    XL:     8   Next: 84%
Magic:  8/8        EV: 13    Int: 13    God:    Gozag
Gold:   454        SH:  0    Dex: 16    Spells: 7/7 levels left

rFire   . . .        a - +2 dagger
rCold   . . .        (no shield)
rNeg    . . .        n - +2 hat of Fortitude {Str+3 Slay+3}
rPois   .            (no amulet)
rElec   .            (no ring)
rCorr   .            (no ring)
SInv    .            (no ring)
Will    .....        (no ring) Stlth
                     (no ring)
HPRegen 0.34/turn    (no ring)
MPRegen 0.11/turn    (no ring)
                     (no ring)

%: no teleportation
@: berserking, very quick
A: almost no armour, amphibious, 8 rings, camouflage 1, gelatinous body 1,
nimble swimmer 1, tentacles
a: Renounce Religion, Potion Petition, Call Merchant, Bribe Branch


You were in the Dungeon.
You worshipped Gozag.
Gozag was aware of your devotion.
You visited 1 branch You collected 972 gold pieces.
You spent 518 gold pieces at shops.

Inventory:

Hand Weapons
 a - a +2 dagger (weapon)
Missiles
 b - 9 poisoned darts (quivered)
 c - 5 curare-tipped darts
Armour
 n - the +2 hat of Fortitude (worn) {Str+3 Slay+3}
   (You bought it in a shop in the Dungeon)

   Str+3:     It affects your strength (+3).
   Slay+3:    It affects your accuracy & damage with ranged weapons and melee
   (+3).
Wands
 j - a wand of mindburst (13)
 k - a wand of digging (4)
Scrolls
 i - a scroll of blinking
 m - 2 scrolls of identify {unknown}
Potions
 d - 3 potions of curing
 f - a potion of haste
 g - 2 potions of magic
 l - 2 potions of might {unknown}


   Skills:
 + Level 5.9 Fighting
 + Level 8.4 Short Blades
 - Level 5.0 Throwing
 + Level 2.4 Dodging
 + Level 21.6 Stealth


You had 7 spell levels left.
You didn't know any spells.
Your spell library was empty.

Dungeon Overview and Level Annotations

Branches:
Dungeon (1/1)

Altars:
Cheibriados
Dithmenos
Elyvilon
Fedhas
Gozag
Hepliaklqana
Kikubaaqudgha
Nemelex Xobeh
Okawaru
Qazlal
Ru
Sif Muna
Trog
Uskayaw
Vehumet
Wu Jian
Yredelemnul
Zin
The Shining One

Shops:
D ([[


Innate Abilities, Weirdness & Mutations

You cannot wear most types of armour.
You are amphibious.
You can wear up to eight rings at the same time.
Your skin changes colour to match your surroundings (Stealth+).
Your rubbery body absorbs attacks. (AC +1, EV +1)
You are camouflaged when in or above water. (Stealth+)
You have tentacles for arms and can constrict up to eight enemies at once.


Message History

A centaur warrior comes into view.
There is an open door here.
You enter the shallow water.
The centaur warrior moves out of view.
The centaur warrior shouts! x2
The centaur warrior wields a +0 shortbow.
The centaur warrior shoots an arrow.
The arrow hits you!! The centaur warrior hits you!
The centaur warrior kicks you.
You are too injured to fight recklessly!
You hit the centaur warrior.
The centaur warrior is lightly wounded.
The centaur warrior shoots an arrow.
The arrow hits you!
* * * LOW HITPOINT WARNING * * *
Unknown command.
You feel much better. The centaur warrior hits you.
The centaur warrior closely misses you.
The centaur warrior shoots an arrow.
The arrow barely misses you. The centaur warrior closely misses you.
The centaur warrior kicks you.
The centaur warrior shoots an arrow.
The arrow hits you!
Unknown command.
The centaur warrior hits you but does no damage.
The centaur warrior barely misses you.
You hit the centaur warrior.
The centaur warrior is lightly wounded.
You hit the centaur warrior.
You squeeze the centaur warrior, but do no damage.
The centaur warrior is lightly wounded.
The centaur warrior completely misses you.
The centaur warrior misses you.
The centaur warrior unwields a +0 shortbow.
The centaur warrior hits you.
* * * LOW HITPOINT WARNING * * *
The centaur warrior kicks you but does no damage.
A red film seems to cover your vision as you go berserk!
You feel yourself moving faster!
You feel mighty! The centaur warrior hits you!
* * * LOW HITPOINT WARNING * * *
The centaur warrior kicks you.
* * * LOW HITPOINT WARNING * * *
The centaur warrior hits you!
You die...
Your body crumbles into a pile of gold.

###############
<.#.)'..#..'..#
..'..#.)').#..+
..#####'#####'# ###
..####..#...#.####§§#
..#__####..##.#§§c§§#
..#_____##'#_§§§@c§.+
⌠⌠#_.∩..†'...§#§§§§.#
###_..__##_§#§##+####
#_____###'#.#|..(###
###########.####'###.##
∩........'...'.....'(∩#
##++++####.).##########
###.### #.#'#.#


You could see 2 centaur warriors.

Vanquished Creatures
  Sonja (D)
  A deep troll (D)
  Sigmund (D)
  A yak (D)
  An ogre (D)
  A jelly (D)
  Ijyb (D)
  A ballistomycete spore (D)
8 creatures vanquished.

Vanquished Creatures (others)
  A gargoyle (D)
  A ballistomycete spore (D)
2 creatures vanquished.

Grand Total: 10 creatures vanquished

Notes
Turn   | Place    | Note
-------+----------+-------------------------------------------
     0 | D        | rocky1 the Octopode Brigand began the quest for the Orb.
     0 | D        | Reached XP level 1. HP: 14/14 MP: 1/1
     4 | D        | Noticed Ijyb
     7 | D        | Killed Ijyb
     8 | D        | Reached skill level 8 in Stealth
     8 | D        | Reached XP level 2. HP: 20/20 MP: 2/2
     8 | D        | Reached XP level 3. HP: 25/25 MP: 3/3
    11 | D        | Noticed an ogre
    14 | D        | Killed an ogre
    15 | D        | Reached skill level 12 in Stealth
    15 | D        | Reached XP level 4. HP: 31/31 MP: 4/4
    26 | D        | Noticed Sigmund
    35 | D        | Killed Sigmund
    36 | D        | Reached skill level 15 in Stealth
    36 | D        | Reached XP level 5. HP: 37/37 MP: 5/5
    36 | D        | Reached XP level 6. HP: 43/43 MP: 6/6
    45 | D        | Killed a gargoyle
    50 | D        | Found an ornate altar of the Wu Jian Council.
    50 | D        | Found a shimmering blue altar of Sif Muna.
    52 | D        | Found a radiant altar of Vehumet.
    57 | D        | Reached skill level 5 in Short Blades
    89 | D        | Found Biprenac's Armour Emporium.
    89 | D        | Found an ancient bone altar of Kikubaaqudgha.
    89 | D        | Found a hazy altar of Hepliaklqana.
    89 | D        | Found a stormy altar of Qazlal.
    89 | D        | Found a hide-covered altar of Uskayaw.
    89 | D        | Found a blossoming altar of Fedhas.
    89 | D        | Found a bloodstained altar of Trog.
    89 | D        | Found an iron altar of Okawaru.
    89 | D        | Found a basalt altar of Yredelemnul.
    89 | D        | Found a glowing golden altar of the Shining One.
    89 | D        | Found a snail-covered altar of Cheibriados.
    89 | D        | Found a sacrificial altar of Ru.
    89 | D        | Found a glowing silver altar of Zin.
    89 | D        | Found a shadowy altar of Dithmenos.
    89 | D        | Found a white marble altar of Elyvilon.
    89 | D        | Noticed a yak
    90 | D        | Found an opulent altar of Gozag.
    91 | D        | Killed a yak
    92 | D        | Reached skill level 17 in Stealth
    92 | D        | Reached XP level 7. HP: 49/49 MP: 7/7
    92 | D        | Found a sparkling altar of Nemelex Xobeh.
    97 | D        | Became a worshipper of Gozag Ym Sagoz the Greedy
   104 | D        | Noticed Sonja
   108 | D        | Killed Sonja
   109 | D        | Reached skill level 5 in Fighting
   109 | D        | Reached skill level 5 in Throwing
   109 | D        | Reached skill level 19 in Stealth
   109 | D        | Reached XP level 8. HP: 56/56 MP: 8/8
   161 | D        | Found Ryis's Weapon Boutique.
   181 | D        | Noticed a deep troll
   185 | D        | Killed a deep troll
   186 | D        | Reached skill level 21 in Stealth
   192 | D        | Found Tutz's Armour Emporium.
   238 | D        | Bought the +2 hat of Fortitude {Str+3 Slay+3} for 518 gold
                  | pieces
   264 | D        | Noticed a centaur warrior
   266 | D        | Noticed a centaur warrior
   275 | D        | Slain by a centaur warrior

Illustrated notes

Levels and vault maps discovered:
D:        dungeon_sprint_1 [red_sonja_temple_1, red_sonja_temple_small_1]

Skill      XL: |  1  2  3  4  5  6  7  8 |
---------------+-------------------------+-----
Stealth        | 8 12 15 17 19 21 | 21.6
Fighting       | 3 4 5 |  5.9
Short Blades   | 3 4 5 7 8 |  8.4
Throwing       | 3 4 5 |  5.0
Dodging        | 2 |  2.4

Action                     |  1- 3 |  4- 6 |  7- 9 || total
---------------------------+-------+-------+-------++-------
  Melee: Dagger            |     2 |    10 |     6 ||    18
         Tentacles         |       |     1 |     1 ||     2
         Constrict         |       |     1 |       ||     1
    Use: Potion            |       |       |     2 ||     2
   Stab: Sleeping          |     2 |     2 |     2 ||     6
 Armour: Skin              |       |     1 |    14 ||    15
  Dodge: Dodged            |       |     4 |     6 ||    10

Table legend: (Time is in decaauts)
 A = Elapsed time spent in this place.
 B = Non-inter-level travel time spent in this place.
 C = Inter-level travel time spent in this place.
 D = Time resting spent in this place.
 E = Time spent auto-exploring this place.
 F = Levels seen in this place.
 G = Mean time per level.
                   A        B        C        D        E       F      G
               +--------+--------+--------+--------+--------+-----+--------+
         Total |    270 |    257 |     13 |      0 |      0 |   1 |  270.0 |
       Dungeon |    270 |    257 |     13 |      0 |      0 |   1 |  270.0 |
               +--------+--------+--------+--------+--------+-----+--------+

Top non-repeatable levels by time:
       D: 270 daAuts
